 Dungeon Crawl Stone Soup version 0.30-b1-2-g02819fbbbe (webtiles) character file.

Game seed: 4571850751515934137

18 Metae the Trooper (level 2, 0/27 HPs)
             Began as a Minotaur Fighter on July 1, 2023.
             Frozen to death by an endoplasm (5 damage)
             ... on level 1 of the Dungeon.
             The game lasted 00:00:47 (218 turns).

Metae the Trooper (Minotaur Fighter)                 Turns: 218, Time: 00:00:48

Health: 0/27       AC:  7    Str: 20    XL:     2   Next: 51%
Magic:  1/1        EV:  9    Int:  5    God:
Gold:   4          SH:  4    Dex:  9    Spells: 1/1 levels left

rFire   . . .        a - +0 rapier
rCold   . . .        c - +0 buckler
rNeg    . . .        b - +0 scale mail
rPois   .            (helmet restricted)
rElec   .            (no cloak)
rCorr   .            (no gloves)
SInv    .            (no boots)
Will    .....        (no amulet) Stlth
                     (no ring)
HPRegen 0.24/turn    (no ring)
MPRegen 0.07/turn

%: no passive effects
@: no status effects
A: horns 2, retaliatory headbutt
a: no special abilities


You were on level 1 of the Dungeon.
You visited 1 branch of the dungeon, and saw 1 of its levels.

You collected 4 gold pieces.

Inventory:

Hand Weapons
 a - a +0 rapier (weapon)
Armour
 b - a +0 scale mail (worn)
 c - a +0 buckler (worn)
Jewellery
 h - an amulet of faith
Scrolls
 e - a scroll of enchant armour {unknown}
 g - a scroll of identify {unknown}
Potions
 d - a potion of might
 f - a potion of curing {unknown}
 i - a potion of degeneration {unknown}


   Skills:
 + Level 3.9 Fighting
 + Level 2.5 Short Blades
 + Level 3.9 Armour
 + Level 0.9 Dodging
 + Level 3.9 Shields


You had one spell level left.
You didn't know any spells.
Your spell library contained the following spells:

 Spells                   Type           Power      Damage    Failure   Level
 Summon Small Mammal      Summ           0%         N/A       88%         1
 Call Canine Familiar     Summ           0%         N/A       99%         3
 Summon Guardian Golem    Hex/Summ       0%         N/A       99%         3


Dungeon Overview and Level Annotations

Branches:
Dungeon (1/15)

Altars:


Innate Abilities, Weirdness & Mutations

You have a pair of horns on your head.
You reflexively headbutt those who attack you in melee.


Message History

You block the hobgoblin's attack. The kobold misses you.
You hit the hobgoblin but do no damage.
The endoplasm hits you but does no damage.
The hobgoblin hits you but does no damage.
The kobold hits you with a +0 club.
You barely miss the hobgoblin.
The endoplasm jiggles.
The endoplasm freezes you.
You are frozen.
The kobold closely misses you. The hobgoblin barely misses you.
Unknown command.
You hit the hobgoblin but do no damage. You block the endoplasm's attack.
The kobold closely misses you. The hobgoblin closely misses you.
You hit the hobgoblin but do no damage. The endoplasm freezes you.
You are frozen.
The kobold closely misses you.
The hobgoblin hits you but does no damage.
You hit the hobgoblin. Your headbutt misses the hobgoblin.
The hobgoblin is severely wounded.
The endoplasm barely misses you. The kobold barely misses you.
You block the hobgoblin's attack. The endoplasm freezes you.
You are frozen.
The hobgoblin hits you but does no damage.
The kobold hits you with a +0 club.
You barely miss the kobold. You headbutt the kobold.
The kobold is severely wounded.
The endoplasm closely misses you. The hobgoblin hits you.
The kobold hits you but does no damage.
You hit the kobold.
You kill the kobold!
The endoplasm freezes you.
You are frozen.
* * * LOW HITPOINT WARNING * * *
The hobgoblin hits you.
* * * LOW HITPOINT WARNING * * *
You hit the hobgoblin.
You kill the hobgoblin!
The endoplasm freezes you.
You are frozen.
You die...

###....#####..#####.#
#...##..............#
#.#.#.....††##.######
#.#...#.###.##..#
#.###.#...#.###.###
#.###.....#.# #...#
#........##.# ###.###
#........+..# #...#
#...@....#### ###..
#..J.)...# ##.
#........# ##
#........# #
#........# #........#
#........# ##########


You could see an endoplasm.

Vanquished Creatures
  A dart slug (D:1)
  2 bats (D:1)
  2 giant cockroaches (D:1)
  A goblin (D:1)
  5 hobgoblins (D:1)
  2 ball pythons (D:1)
  2 kobolds (D:1)
15 creatures vanquished.

Notes
Turn   | Place    | Note
-------+----------+-------------------------------------------
     0 | D:1      | Metae the Minotaur Fighter began the quest for the Orb.
     0 | D:1      | Reached XP level 1. HP: 19/19 MP: 0/0
    84 | D:1      | Reached XP level 2. HP: 27/27 MP: 1/1
   218 | D:1      | Frozen to death by an endoplasm

Illustrated notes

Levels and vault maps discovered:
D:1:      spicycebolla_green_bress_n_ham, layout_basic,
          minmay_shallow_snake_nest

Action                     || total
---------------------------++-------
  Melee: Rapier            ||    36
         Headbutt          ||     6
 Armour: Scale mail        ||    25
  Dodge: Dodged            ||    26
  Block: Buckler           ||    13
